 Dungeon Crawl Stone Soup version 0.31-a0-161-gb58dd9be76 (webtiles) character file.

Game seed: 5000505779793073830

46 ryw the Trooper (level 3, 0/30 HPs)
             Began as a Demonspawn Monk on June 12, 2023.
             Slain by a gnoll
             ... wielding a +0 halberd
              (8 damage)
             ... on level 2 of the Dungeon on June 13, 2023.
             The game lasted 00:03:45 (1575 turns).

ryw the Trooper (Demonspawn Monk)                   Turns: 1575, Time: 00:03:46

Health: 0/30       AC:  3    Str: 13    XL:     3   Next: 46%
Magic:  3/3        EV: 13    Int: 11    God:
Gold:   88         SH:  0    Dex: 21    Spells: 2/2 levels left

rFire   . .          .
                       - Unarmed
rCold   . . .        c - orb {light}
rNeg    . . .        t - +0 leather armour
rPois   .            (no helmet)
rElec   .            (no cloak)
rCorr   .            (no gloves)
SInv    .            (no boots)
Will    .....        (no amulet)
Stlth   +            i - +6 ring of dexterity
HPRegen 0.25/turn    j - +4 ring of slaying
MPRegen 0.08/turn

%: no passive effects
@: confused, ambrosia-drunk, glowing
A: ignite blood 1
a: no special abilities


You were on level 2 of the Dungeon.
You visited 1 branch of the dungeon, and saw 2 of its levels.

You collected 88 gold pieces.

Inventory:

Missiles
 f - 2 poisoned darts
Armour
 c - an orb of light (worn)
 k - a +0 plate armour
 t - a +0 leather armour (worn)
Jewellery
 i - a +6 ring of dexterity (left hand)
 j - a +4 ring of slaying (right hand)
 m - a ring of protection from fire
Scrolls
 d - 2 scrolls of enchant weapon {unknown}
 g - a scroll of vulnerability {unknown}
 h - 2 scrolls of blinking {unknown}
 l - 2 scrolls of fear {unknown}
 n - a scroll of noise {unknown}
 o - 2 scrolls of enchant armour {unknown}
 q - a scroll of poison {unknown}
 r - a scroll of immolation {unknown}
Potions
 e - 2 potions of resistance {unknown}
 p - a potion of cancellation {unknown}
 s - a potion of heal wounds {unknown}


   Skills:
 + Level 4.1 Fighting
 - Level 3.0 Dodging
 - Level 3.0 Unarmed Combat


You had 2 spell levels left.
You didn't know any spells.
Your spell library was empty.

Dungeon Overview and Level Annotations

Branches:
Dungeon (2/15)

Altars:
Uskayaw


Innate Abilities, Weirdness & Mutations

Your demonic aura sometimes causes spilled blood to erupt in flames.


Message History

The goblin barely misses you.
You punch the goblin!
You kill the goblin!
No target in view!
No target in view!
No target in view!
No target in view!
Found 10 gold pieces.
A gnoll comes into view.
It is wielding a +0 club. 2 gnolls come into view.
The gnoll shouts! x2
The dart slug closely misses you.
You hit the dart slug.
The dart slug is severely wounded.
The dart slug launches a dart at you. The slug dart misses you.
You hit the dart slug.
The dart slug is almost dead.
The dart slug bites you but does no damage.
You hit the dart slug.
You kill the dart slug!
The gnoll barely misses you.
You hit the gnoll.
The gnoll is lightly wounded.
The gnoll barely misses you. The gnoll hits you with a +0 club.
The gnoll hits you from afar with a +0 halberd!
The gnoll attacks as you move away! The gnoll closely misses you.
The gnoll attacks as you move away! The gnoll hits you with a +0 flail.
* * * LOW HITPOINT WARNING * * *
The gnoll attacks as you move away! The gnoll closely misses you.
You are confused.
You feel invigorated. The gnoll hits you with a +0 flail.
You bump into the rock wall.
The gnoll hits you with a +0 flail!
* * * LOW HITPOINT WARNING * * *
You hit the gnoll.
The gnoll is moderately wounded.
The gnoll hits you with a +0 flail.
* * * LOW HITPOINT WARNING * * *
The gnoll hits you from afar with a +0 halberd!
You die...

#..#$#.#.### ##+##
##### #..#.#......
##...###.... #........#
##....<##.###
####.##.###
##.......#.# #
#...)..###..........###
##.......'...........).
##..gg###..........###
##[#g# ##.......#.# #
###@# ##.....##.# # #.#
##...###.. . ######.#
##'## ##### #......#
#.# # #.###### #[# #
#.# ####.### #.#
###......# #.#
#........######
#.#######.#.#.>........


You could see 3 gnolls.

Vanquished Creatures
  2 dart slugs
  6 bats
  5 endoplasms
  2 giant cockroaches
  A goblin (D:2)
  4 hobgoblins (D:1)
  2 quokkas
  6 ball pythons
  6 frilled lizards
  3 kobolds (D:2)
  A rat (D:1)
38 creatures vanquished.

Notes
Turn   | Place    | Note
-------+----------+-------------------------------------------
     0 | D:1      | ryw the Demonspawn Monk began the quest for the Orb.
     0 | D:1      | Reached XP level 1. HP: 18/18 MP: 1/1
   435 | D:1      | Gained mutation: Your demonic aura sometimes causes spilled
                  | blood to erupt in flames. [demonic ancestry]
   435 | D:1      | Reached XP level 2. HP: 22/24 MP: 2/2
   993 | D:2      | Reached XP level 3. HP: 30/30 MP: 3/3
  1204 | D:2      | Found a hide-covered altar of Uskayaw.
  1232 | D:2      | Upgraded the game from 0.31-a0-154-g56bf346678 to
                  | 0.31-a0-161-gb58dd9be76
  1298 | D:2      | Reached skill level 4 in Fighting
  1575 | D:2      | Slain by a gnoll

Illustrated notes

Levels and vault maps discovered:
D:1:      minmay_arrival_widening_spiral_wide, layout_basic
D:2:      layout_loops_corners, basic_altar

Skill      XL: |  1  2  3 |
---------------+----------+-----
Dodging        | 3 |  3.0
Unarmed Combat | 3 |  3.0
Fighting       | 4 |  4.1

Action                     || total
---------------------------++-------
  Melee: Unarmed           ||    87
    Use: Potion            ||     1
 Armour: Robe              ||     8
         Leather armour    ||     2
  Dodge: Dodged            ||    55

Table legend: (Time is in decaauts)
 A = Elapsed time spent in this place.
 B = Non-inter-level travel time spent in this place.
 C = Inter-level travel time spent in this place.
 D = Time resting spent in this place.
 E = Time spent auto-exploring this place.
 F = Levels seen in this place.
 G = Mean time per level.
                   A        B        C        D        E       F      G
               +--------+--------+--------+--------+--------+-----+--------+
         Total |   1568 |   1540 |     28 |     44 |   1240 |   2 |  784.0 |
       Dungeon |   1568 |   1540 |     28 |     44 |   1240 |   2 |  784.0 |
               +--------+--------+--------+--------+--------+-----+--------+

Top non-repeatable levels by time:
     D:1: 924 daAuts
     D:2: 644 daAuts
